Construct Section Command Post
Selects Australian Defense Battlegroup
Selects Australian Light Infantry Section
Australian Light Infantry Section
Australian Light Infantry Section
Construct Platoon Command Post
Construct Field Infirmary
6-pounder Anti-tank Gun Team
Construct Company Command Post
Selects CMP 15cwt Supply Run
Selects Defensive Tactics
Selects Vehicle Over Repair
Australian Light Infantry Section
Selects Artillery Trip Wire Flares
Unlock M3 Grant Medium Tanks